[Event "*** Titled Tuesday Blitz"]
[Site "Chess.com"]
[Date "2021.03.02"]
[Round "9"]
[White "Meri-Arabidze"]
[Black "VFernandezB"]
[Result "1/2-1/2"]
[WhiteElo "2622"]
[BlackElo "2494"]
[TimeControl "180+1"]
[EndTime "11:47:06 PST"]
[Termination "Game drawn by repetition"]

1. d4 Nf6 2. c4 g6 3. Nf3 Bg7 4. g3 d5 5. Bg2 c6 6. cxd5 cxd5 7.
Nc3 O-O 8. Ne5 Nc6 9. O-O Ne4 10.
Nxc6 bxc6 11. Nxe4 dxe4 12. Bxe4 Bh3 13. Bg2 Bxg2 14.
Kxg2 Qxd4 15. Qxd4 Bxd4 16. Rb1 a5 17. Bh6 Rfb8 18. b3 Bg7 19. Bf4 e5 20. Be3 Bf8 21. Rfc1 Ra6 22. Bc5 f6 23. Bxf8 Kxf8 24. Rc4 Ke7 25. Rbc1 Kd6 26. Rd1+ Ke7 27. Rh4 h5 28.
Rc4 Rb4 29. Rdc1 Kd6 30. f3 Rxc4 31. Rxc4 c5 32. h4 Kc6 33. g4 Kb5 34. gxh5 gxh5 35. f4 a4 36. fxe5 fxe5 37. Re4 axb3 38. axb3 Ra3 39.
Rxe5 Rxb3 40. Rxh5 Kc6 41. Rh8 Rb7 42. h5 c4 43. Rc8+ Kd5 44. h6 Rh7 45. Rd8+ Kc5 46. Rc8+ Kd5 47. Rd8+ Kc5 48. Rc8+ Kd5 1/2-1/2

[Event "*** Titled Tuesday Blitz"]
[Site "Chess.com"]
[Date "2021.03.02"]
[Round "9"]
[White "sau6on"]
[Black "MrChampion_Coach"]
[Result "0-1"]
[WhiteElo "2535"]
[BlackElo "2493"]
[TimeControl "180+1"]
[EndTime "11:47:06 PST"]
[Termination "MrChampion_Coach won on time"]

1. e4 c5 2. Nf3 d6 3. d4 cxd4 4.
Nxd4 Nf6 5. Nc3 a6 6. Rg1 e5 7.
Nb3 h5 8. h3 Be6 9. Bg5 Nbd7 10. Qd2 Qc7 11. O-O-O Rc8 12. g3 b5 13. Bg2 b4 14.
Nd5 Nxd5 15. exd5 Bf5 16. Na1 Qa5 17. Kb1 Nb6 18. a3 Qa4 19. axb4 a5 20. bxa5 Nc4 21. Qc3 Qb5 22. Qb3 Bxc2+ 23. Qxc2 Na3+ 24. Kc1 Nxc2 25. Nxc2 Qxa5 26. f4 f6 27. Bh4 Qa4 0-1

[Event "*** Titled Tuesday Blitz"]
[Site "Chess.com"]
[Date "2021.03.02"]
[Round "9"]
[White "Marty435"]
[Black "yuki_chess123"]
[Result "0-1"]
[WhiteElo "2540"]
[BlackElo "2280"]
[TimeControl "180+1"]
[EndTime "11:47:07 PST"]
[Termination "yuki_chess123 won by checkmate"]

1. e4 g6 2. d4 Bg7 3. Nc3 c6 4.
Be3 d5 5. e5 f6 6. f4 Nh6 7. Nf3 Bg4 8. h3 Bxf3 9. Qxf3 O-O 10. exf6 exf6 11. O-O-O f5 12. g4 Nd7 13. g5 Nf7 14. h4 Nd6 15. h5 Ne4 16. Nxe4 fxe4 17.
Qg4 Rf5 18. hxg6 hxg6 19. Bh3 Qa5 20. Qh4 Raf8 21. Bxf5 Rxf5 22. Qh7+ Kf7 23. Rh6 Nf8 24. a3 Nxh7 25. Rxh7 Qb5 26. Bd2 Qe2 27. Re1 Qf3 28.
Kb1 Kg8 29. Reh1 e3 30. Bb4 e2 31. Ka2 Qxf4 32. R7h2 Qf1 33. Bc3 Rf3 34. Bb4 b6 35. Rh4 a5 36. Bd2 Qd1 37. Be1 Qxc2 38. R4h2 Rb3 39.
Bc3 Rxc3 40. a4 Qxa4+ 41. Kb1 Qd1+ 42. Ka2 Rc4 43. b3 Rc2+ 44. Ka3 Bf8+ 45. b4 Qd3+ 46. Ka4 Ra2# 0-1

[Event "*** Titled Tuesday Blitz"]
[Site "Chess.com"]
[Date "2021.03.02"]
[Round "9"]
[White "JQuiroga18"]
[Black "frederiksvane"]
[Result "0-1"]
[WhiteElo "2431"]
[BlackElo "2661"]
[TimeControl "180+1"]
[EndTime "11:47:07 PST"]
[Termination "frederiksvane won by resignation"]

1. e4 c5 2. Nf3 g6 3. c4 Nc6 4. d4 cxd4 5. Nxd4 Nf6 6. Nc3 Nxd4 7. Qxd4 d6 8. f3 Bg7 9. Be3 O-O 10. Qd2 Be6 11. Be2 a5 12. O-O a4 13. Rac1 Qa5 14. Nd5 Bxd5 15. Qxa5 Rxa5 16. cxd5 Ne8 17. Bb6 Ra8 18. Rc2 f5 19. Bd3 fxe4 20. fxe4 Rxf1+ 21. Kxf1 Kf7 22. Ke2 Be5 23. g3 Nf6 24. Rc7 Bxb2 25. Rxb7 Ng4 26. Bb5 Nxh2 27. Bd7 Be5 28. Kf2 h5 29.
Be3 Kf6 30. Rb4 Ng4+ 31. Ke2 Nxe3 32. Kxe3 Bxg3 33. Rxa4 Rxa4 34. Bxa4 Bh2 35. Kf3 Bg1 36. Bd7 g5 37. a4 g4+ 38. Kg3 Kg5 39. a5 h4+ 40.
Kg2 Ba7 41. a6 Kf4 42. Kh2 h3 43. Bf5 Kf3 44. Kh1 Kg3 45. Be6 Kh4 46. Bf5 g3 0-1

[Event "*** Titled Tuesday Blitz"]
[Site "Chess.com"]
[Date "2021.03.02"]
[Round "9"]
[White "Sibelephant"]
[Black "FairChess_on_YouTube"]
[Result "1-0"]
[WhiteElo "3072"]
[BlackElo "2963"]
[TimeControl "180+1"]
[EndTime "11:47:08 PST"]
[Termination "Sibelephant won on time"]

1. c4 Nf6 2. Nc3 c5 3. Nf3 e6 4. e3 Nc6 5. d4 d5 6. cxd5 Nxd5 7.
Bd3 Be7 8. O-O O-O 9. Re1 Nxc3 10. bxc3 b6 11. Bb2 Bb7 12. e4 cxd4 13. cxd4 Bf6 14.
Bf1 Rc8 15. Qd2 Na5 16. Rad1 Nc4 17. Bxc4 Rxc4 18. d5 Bxb2 19. Qxb2 exd5 20. exd5 Rc5 21. d6 Bxf3 22. gxf3 Qg5+ 23. Kf1 Qf5 24. Re3 g6 25. d7 Rd5 26. Rxd5 Qxd5 27. Re7 h5 28. Qe5 Qd3+ 29. Kg2 Kh7 30. Re8 1-0

[Event "*** Titled Tuesday Blitz"]
[Site "Chess.com"]
[Date "2021.03.02"]
[Round "9"]
[White "fabianvivasz"]
[Black "PowerThinking2650"]
[Result "0-1"]
[WhiteElo "2331"]
[BlackElo "2459"]
[TimeControl "180+1"]
[EndTime "11:47:08 PST"]
[Termination "PowerThinking2650 won on time"]

1. e4 e5 2. Nf3 Nc6 3. Bc4 Nf6 4. d3 h6 5. c3 d6 6. O-O g6 7. d4 Qe7 8. dxe5 dxe5 9. b3 Bg4 10. Ba3 Qd7 11. Qe2 O-O-O 12. Bb5 Bd6 13. Rd1 Nh5 14.
Qe3 Kb8 15. Nxe5 Bxe5 16. Rxd7 Rxd7 17. f3 Rd1+ 18. Bf1 Be6 19. Bb2 Rhd8 20. Na3 Rxa1 21.
Bxa1 Rd1 22. Bb2 Nf4 23. Nc4 g5 24. Nxe5 Nxe5 25. c4 Ned3 26. Bd4 b6 27. c5 Bc8 28.
cxb6 axb6 29. g3 Bh3 30. Qxd3 Nxd3 0-1

[Event "*** Titled Tuesday Blitz"]
[Site "Chess.com"]
[Date "2021.03.02"]
[Round "9"]
[White "zmeeed67"]
[Black "juancruzarias"]
[Result "0-1"]
[WhiteElo "2428"]
[BlackElo "2619"]
[TimeControl "180+1"]
[EndTime "11:47:11 PST"]
[Termination "juancruzarias won on time"]

1. d4 e6 2. c4 f5 3. Nc3 Nf6 4. g3 d5 5. Bg2 c6 6. Nf3 Bd6 7. O-O O-O 8. Bf4 Bxf4 9. gxf4 Nbd7 10.
Ne5 Qe7 11. e3 Ne4 12. Nxd7 Bxd7 13. Qc2 Kh8 14. Kh1 Rg8 15. c5 g5 16. fxg5 Rxg5 17.
f4 Rg7 18. Rg1 Rag8 19. Bxe4 fxe4 20. Rxg7 Qxg7 21. Qf2 e5 22. Rg1 Qxg1+ 23. Qxg1 Rxg1+ 24. Kxg1 exd4 25. exd4 Kg7 26. Nd1 b6 27. b4 bxc5 28.
bxc5 Kf6 29. Ne3 Bh3 30. Kf2 Kg6 31. Kg3 Bc8 32. Kh4 Ba6 33. Kg3 Be2 34. a3 Bf3 35. Kf2 a5 36. Kg3 Kh5 37. Nf1 Be2 38. Ne3 h6 39. Nf5 Bb5 40. Nd6 Ba4 41. Kf2 Kg4 42. Ke3 h5 43. f5 Kg5 44. h3 h4 45. Kf2 Bd1 46. Ke3 Bf3 47. Nc8 Bd1 48. Nd6 Ba4 49.
Kf2 Kf6 50. Ke3 Bc2 51. Ke2 Bd3+ 52. Ke3 Ba6 53. Kf4 Bf1 54. Nc8 Bxh3 55. Na7 Bxf5 56. Nxc6 h3 57. Kg3 e3 58. Ne5 e2 59. Nf3 Be4 60. Ne1 Bg2 0-1

[Event "*** Titled Tuesday Blitz"]
[Site "Chess.com"]
[Date "2021.03.02"]
[Round "9"]
[White "mjray79"]
[Black "paulrusan"]
[Result "0-1"]
[WhiteElo "2460"]
[BlackElo "2352"]
[TimeControl "180+1"]
[EndTime "11:47:12 PST"]
[Termination "paulrusan won by resignation"]

1. d4 Nf6 2. c4 g6 3. Nc3 Bg7 4. e4 d6 5. Nge2 O-O 6. Ng3 e5 7. d5 a5 8. Be2 Na6 9. h4 h5 10. Bg5 Qe8 11. Qd2 Nh7 12. Be3 Bd7 13. f3 Nc5 14. O-O-O b6 15. Nf1 f5 16. exf5 gxf5 17. f4 e4 18. Bd4 Nf6 19. Ne3 Qg6 20. Rdf1 a4 21. Rh3 Ng4 22. Bxg7 Kxg7 23. Nxg4 fxg4 24. Re3 Bf5 25. Qd4+ Qf6 26. Qxf6+ Kxf6 27. Nb5 Rf7 28. Nd4 a3 29. b4 Nd3+ 30. Bxd3 exd3 31. Nxf5 Kxf5 32.
g3 Ra4 33. Kd2 Rxb4 34. Kc3 Rb2 35. Rxd3 Re7 36. Rd2 Re3+ 37. Rd3 Ree2 38. Kd4 Rxa2 39. Rc1 Re4+ 40. Kc3 Rf2 41. Ra1 a2 42. Kb3 Rf3 43. Kc3 Ree3 44. Rxe3 Rxe3+ 45. Kd4 Ra3 46. c5 bxc5+ 47.
Kc4 Rxg3 48. Rxa2 Rf3 49. Ra7 Rxf4+ 50. Kb5 Ke5 51. Kc6 Rf7 52. Ra8 Rg7 53. Rh8 g3 54. Rxh5+ Kf4 55. Rh8 g2 56. Rf8+ Ke5 57. Re8+ Kd4 58. Re1 g1=Q 59. Rf1 0-1

[Event "*** Titled Tuesday Blitz"]
[Site "Chess.com"]
[Date "2021.03.02"]
[Round "9"]
[White "CraiggoryC"]
[Black "Tekushka"]
[Result "0-1"]
[WhiteElo "2262"]
[BlackElo "2431"]
[TimeControl "180+1"]
[EndTime "11:47:12 PST"]
[Termination "Tekushka won on time"]

1. e4 e6 2. d4 d5 3. e5 c5 4. c3 Nc6 5. Nf3 Qb6 6. a3 cxd4 7. cxd4 Nh6 8. Nc3 Nf5 9. Na4 Qa5+ 10. b4 Qd8 11. Be3 Nxe3 12. fxe3 g6 13. Bd3 Bh6 14.
Qe2 O-O 15. O-O b6 16. Rac1 Bd7 17. Bb5 Ne7 18. Rc3 Nf5 19. Bxd7 Qxd7 20. Nb2 Rac8 21. Rxc8 Rxc8 22. Nd1 Qa4 23. e4 Rc2 24. Qe1 Ne7 25.
Ne3 Ra2 26. exd5 Bxe3+ 27. Qxe3 Nxd5 28. Qg5 Qxa3 29. Qd8+ Kg7 30. Ng5 Qe3+ 31. Kh1 Rf2 32. Nxe6+ fxe6 33. Qd7+ Kh6 34. Rg1 Re2 35. Qxe6 Re1 0-1

[Event "*** Titled Tuesday Blitz"]
[Site "Chess.com"]
[Date "2021.03.02"]
[Round "9"]
[White "HouseOfDurin"]
[Black "AniJak"]
[Result "0-1"]
[WhiteElo "2177"]
[BlackElo "2326"]
[TimeControl "180+1"]
[EndTime "11:47:12 PST"]
[Termination "AniJak won on time"]

1. d4 f5 2. Bg5 g6 3. h4 Bg7 4. c4 h6 5. Bf4 d6 6. Nf3 Nc6 7. Nc3 Nf6 8. d5 Na5 9. Qa4+ c6 10. e3 O-O 11. O-O-O Ng4 12. Bg3 cxd5 13. Nxd5 Bd7 14. Nxe7+ Kh7 15. Qb4 Qxe7 16. Qxa5 Ne5 17. Nxe5 dxe5 18. Qc7 Rfd8 19. Be2 b5 20. Qd6 Qf7 21. cxb5 Rac8+ 22. Kb1 Be6 23. Qxd8 Bxa2+ 24. Ka1 Rxd8 25.
Rxd8 Bb3 26. Rc1 Qe7 27. Rd3 Bg8 28. Ra3 f4 29. Bh2 fxe3 30. Rxe3 e4 0-1

[Event "*** Titled Tuesday Blitz"]
[Site "Chess.com"]
[Date "2021.03.02"]
[Round "9"]
[White "Lyschko"]
[Black "Chernov_Alexander_A"]
[Result "0-1"]
[WhiteElo "2186"]
[BlackElo "2286"]
[TimeControl "180+1"]
[EndTime "11:47:12 PST"]
[Termination "Chernov_Alexander_A won on time"]

1. c4 Nf6 2. Nc3 e5 3. Nf3 d6 4.
d4 Nbd7 5. e4 c6 6. Be2 a6 7.
O-O b5 8. a3 Be7 9. Qc2 O-O 10.
h3 Bb7 11. Be3 Rc8 12. Qb3 exd4 13. Nxd4 c5 14. Nf5 Nxe4 15. Nxe4 Bxe4 16. Nxe7+ Qxe7 17. cxb5 axb5 18. Bxb5 Ne5 19. Rad1 c4 20. Qb4 Bd3 21. Rfe1 Qb7 22. a4 d5 23. Bf4 Ng6 24. Bg3 h5 25. h4 Be4 26. Qc3 Qa7 27. Rd4 Ne7 28.
Bd6 Nf5 29. Rdxe4 Nxd6 30. Re5 Nxb5 31. axb5 d4 32. Qg3 c3 33. bxc3 dxc3 34. Rxh5 c2 35.
Rc1 Rfd8 36. Rg5 Rd1+ 37. Kh2 Qd4 38. Qh3 Qf4+ 39. Rg3 Rc4 0-1

[Event "*** Titled Tuesday Blitz"]
[Site "Chess.com"]
[Date "2021.03.02"]
[Round "9"]
[White "LuisFSiles"]
[Black "fridaywins"]
[Result "1-0"]
[WhiteElo "2314"]
[BlackElo "2146"]
[TimeControl "180+1"]
[EndTime "11:47:14 PST"]
[Termination "LuisFSiles won by resignation"]

1. e4 e5 2. Nf3 Nc6 3. Bc4 Bc5 4. O-O d6 5. c3 Qe7 6. d3 Nf6 7. a4 a5 8. Be3 O-O 9. Nbd2 Bxe3 10.
fxe3 Be6 11. Bxe6 Qxe6 12. Qe2 d5 13. exd5 Nxd5 14. Ne4 b6 15. c4 Ndb4 16. Nfg5 Qg6 17. Rf3 h6 18. Rg3 hxg5 19. Rxg5 Qh6 20. Rh5 Qe6 21. Ng5 Qg6 22. Qg4 f6 23. Qe6+ Rf7 24. g4 Rd8 25. Nxf7 Qxf7 26. Rh8+ Kxh8 27. Qxf7 Rxd3 28.
Rf1 Rxe3 29. Qe8+ Kh7 30. Rf5 Rh3 31. Rh5+ Rxh5 32. gxh5 Nd4 33. Qg6+ Kh8 34. Qe8+ Kh7 35. Qg6+ Kh8 36. h6 Nf3+ 37. Kf2 1-0

[Event "*** Titled Tuesday Blitz"]
[Site "Chess.com"]
[Date "2021.03.02"]
[Round "9"]
[White "Kislov_Oleg"]
[Black "anpospan"]
[Result "1-0"]
[WhiteElo "2496"]
[BlackElo "2371"]
[TimeControl "180+1"]
[EndTime "11:47:15 PST"]
[Termination "Kislov_Oleg won on time"]

1. e4 b6 2. d4 Bb7 3. Bd3 e6 4. Qe2 d6 5. f4 Nd7 6. Nf3 Ngf6 7. O-O d5 8. e5 Ne4 9. Nbd2 Nxd2 10. Bxd2 g6 11.
g4 h5 12. Ng5 Qe7 13. f5 gxf5 14. gxf5 Rg8 15. f6 Nxf6 16. Rxf6 O-O-O 17. Kh1 Rg7 18. Qxh5 c5 19. Rxf7 Rxf7 20. Qxf7 cxd4 21. Qxe6+ Kb8 22.
Qxe7 Bxe7 23. Rf1 Rg8 24. h4 Rh8 25. Nh7 Bxh4 26. Rf8+ Rxf8 27. Nxf8 Bg3 28. Ng6 Bf2 29. Kg2 Be3 30. Bxe3 dxe3 31. Kf3 d4+ 32. Ke2 Kc7 33. c3 dxc3 34. bxc3 Bd5 35. a3 Bf7 36. Kxe3 b5 37.
Kd4 Kb6 38. Nf4 a5 39. e6 Be8 40. Kd5 b4 41. axb4 axb4 42. cxb4 Bc6+ 43. Kd6 Be8 44.
e7 Bf7 45. Bg6 1-0

[Event "*** Titled Tuesday Blitz"]
[Site "Chess.com"]
[Date "2021.03.02"]
[Round "9"]
[White "Walter_White_Poland"]
[Black "dodorox"]
[Result "1-0"]
[WhiteElo "2284"]
[BlackElo "2148"]
[TimeControl "180+1"]
[EndTime "11:47:15 PST"]
[Termination "Walter_White_Poland won on time"]

1. e4 e6 2. d4 d5 3. Nc3 Nf6 4. Bg5 dxe4 5. Nxe4 Be7 6. Bxf6 gxf6 7. Nf3 f5 8. Nc5 Bxc5 9. dxc5 Qxd1+ 10. Rxd1 Nd7 11. c6 bxc6 12. Bc4 c5 13. Ke2 Bb7 14. Bb5 O-O-O 15. Bxd7+ Rxd7 16. Ne5 Rxd1 17. Rxd1 f6 18. Nd7 Rd8 19.
Nxc5 Rxd1 20. Kxd1 Bxg2 21. Nxe6 h6 22. Nf4 Bf3+ 23.
Kd2 Kd7 24. Ke3 Bb7 25. Kd4 Kd6 26. b4 Bf3 27. c4 h5 28. c5+ Kc6 29. h4 Bg4 30. Nd5 a5 31. bxa5 Kb5 32. Nxc7+ Kxa5 33. Ne8 1-0

[Event "*** Titled Tuesday Blitz"]
[Site "Chess.com"]
[Date "2021.03.02"]
[Round "9"]
[White "onetowin"]
[Black "Klavdia_Nik"]
[Result "1-0"]
[WhiteElo "2135"]
[BlackElo "2056"]
[TimeControl "180+1"]
[EndTime "11:47:15 PST"]
[Termination "onetowin won on time"]

1. d4 Nf6 2. Nf3 c5 3. d5 d6 4. Nc3 g6 5. e4 Bg7 6. a4 Na6 7. Be2 O-O 8. Nd2 Rb8 9. O-O Nb4 10. Nc4 b6 11. f4 Ne8 12. e5 a6 13. Kh1 Bf5 14.
Ne3 Bd7 15. Bg4 Bxg4 16. Nxg4 h5 17. Ne3 dxe5 18. fxe5 Bxe5 19. Ne4 Nc7 20. d6 exd6 21. c3 Nc6 22. Qf3 Ne7 23. Nc4 Nf5 24. Rd1 Qe7 25.
Bg5 f6 26. Bh6 Rfd8 27. g4 Nxh6 28. gxh5 g5 29. Ng3 Ne6 30. Nf5 Nxf5 31. Qxf5 Qf7 32.
h6 1-0

[Event "*** Titled Tuesday Blitz"]
[Site "Chess.com"]
[Date "2021.03.02"]
[Round "9"]
[White "verdest"]
[Black "chessdjw"]
[Result "1-0"]
[WhiteElo "2527"]
[BlackElo "2740"]
[TimeControl "180+1"]
[EndTime "11:47:17 PST"]
[Termination "verdest won by checkmate"]

1. d4 Nf6 2. c4 e6 3. Nf3 d5 4.
Nc3 Bb4 5. Bg5 h6 6. Bxf6 Qxf6 7. Qb3 c5 8. cxd5 exd5 9. e3 O-O 10. dxc5 Bxc3+ 11. Qxc3 Qxc3+ 12. bxc3 Be6 13. Bb5 Rc8 14. Nd4 Rxc5 15. Kd2 a6 16. Bd3 Nd7 17. Rab1 Ra5 18. Rb2 Nc5 19. Nb3 Nxb3+ 20. axb3 Rc8 21. Rc1 g5 22. b4 Ra3 23. Bb1 Kg7 24. Ra2 Rxa2+ 25. Bxa2 d4 26. Bb1 dxc3+ 27. Rxc3 Rxc3 28. Kxc3 Bd5 29. g3 Kf6 30. Kd4 Bc6 31. Kc5 Ke5 32. f4+ gxf4 33. gxf4+ Ke6 34. Ba2+ Ke7 35. Kb6 Be4 36. Kc7 f5 37. Bb3 Kf6 38. Ba4 b5 39. Bb3 Kg6 40.
Kb6 Kh5 41. Kxa6 Bd3 42. Be6 Kg4 43. Bd7 Kh3 44. Bxb5 Be4 45. Be8 Kxh2 46. b5 Kg3 47. b6 Kf3 48. Kb5 Kxe3 49. Bc6 Kxf4 50. b7 h5 51. b8=Q+ Kf3 52. Bxe4+ fxe4 53. Kc4 e3 54. Kd3 h4 55. Qf8+ Kg2 56. Kxe3 h3 57.
Qg7+ Kh1 58. Kf2 h2 59. Qg2# 1-0

[Event "*** Titled Tuesday Blitz"]
[Site "Chess.com"]
[Date "2021.03.02"]
[Round "9"]
[White "zim0ne"]
[Black "miredenizdogan"]
[Result "1-0"]
[WhiteElo "2500"]
[BlackElo "2282"]
[TimeControl "180+1"]
[EndTime "11:47:17 PST"]
[Termination "zim0ne won by resignation"]

1. Nf3 d5 2. c4 c6 3. g3 Nf6 4.
Bg2 dxc4 5. a4 g6 6. Na3 Bg7 7.
Nxc4 O-O 8. O-O Be6 9. d3 Nbd7 10. Qc2 Nb6 11. Na5 Qc8 12. Bd2 h6 13. Nd4 Bd5 14.
e4 c5 15. Ndb3 Bxb3 16. Qxb3 Nfd7 17. Rac1 Bd4 18. Bxh6 Rd8 19. Bg5 Kf8 20. Kh1 Ne5 21. h3 Nf3 22. Bh6+ Kg8 23. Nxb7 Qxb7 24. Bxf3 Qd7 25.
Kg2 Nxa4 26. Qc2 Nxb2 27. Rb1 Rab8 28. Bf4 e5 29. Bg5 Rdc8 30. Bc1 c4 31. Bxb2 Rxb2 32. Rxb2 Bxb2 33. Qxb2 c3 34. Qb3 Qxd3 35. Rd1 Qc4 36.
Qxc4 Rxc4 37. Rc1 a5 38. Kf1 a4 39. Ke2 a3 40. Kd3 Rc5 41. Rxc3 Ra5 42. Rc1 a2 43. Ra1 Ra3+ 44. Ke2 Kg7 45. Bg4 f5 46. exf5 e4 47. fxg6 Kxg6 48. Be6 Kf6 49. Bxa2 Ke5 50. h4 Ra7 51. h5 Ra6 52. h6 Rxh6 53. Bc4 Rc6 54. Ra5+ Kd4 55. Bf7 Rc2+ 56. Kf1 Rb2 57. Rd5+ Kc3 58.
Bg6 e3 59. fxe3 1-0

[Event "*** Titled Tuesday Blitz"]
[Site "Chess.com"]
[Date "2021.03.02"]
[Round "9"]
[White "WiktoriaPOL"]
[Black "HanSchut"]
[Result "0-1"]
[WhiteElo "2033"]
[BlackElo "2229"]
[TimeControl "180+1"]
[EndTime "11:47:17 PST"]
[Termination "HanSchut won on time"]

1. e4 c5 2. d4 cxd4 3. c3 g6 4. cxd4 d5 5. e5 Nh6 6. Nc3 Bg7 7. Qb3 Nc6 8. Nf3 Bg4 9. Be3 Nf5 10. Qxd5 Bxf3 11.
gxf3 Qxd5 12. Nxd5 O-O-O 13. Nc3 Ncxd4 14. Bxd4 Nxd4 15. Rc1 Nxf3+ 16. Ke2 Nd4+ 17. Ke3 Kb8 18. Bg2 Bxe5 19. f4 Bg7 20. Rhd1 e5 21. Nd5 Nf5+ 22. Kf2 exf4 23. Nxf4 Bh6 24. Rxd8+ Rxd8 25. Rc4 Rd2+ 26. Ne2 Rxb2 27.
Bd5 a6 28. Bxf7 Rxa2 29. Bg8 Be3+ 30. Kf3 Ra3 31. Ke4 Nd6+ 32. Kd5 Nxc4 33. Kxc4 h5 34. Bf7 Ra2 35. Kd3 Ra3+ 36. Ke4 Bd2 37. Bxg6 Re3+ 0-1

[Event "*** Titled Tuesday Blitz"]
[Site "Chess.com"]
[Date "2021.03.02"]
[Round "9"]
[White "AryanTari"]
[Black "Gahan-MG"]
[Result "1-0"]
[WhiteElo "2894"]
[BlackElo "2651"]
[TimeControl "180+1"]
[EndTime "11:47:18 PST"]
[Termination "AryanTari won by checkmate"]

1. e4 Nf6 2. e5 Nd5 3. d4 d6 4. Nf3 g6 5. Bc4 Nb6 6. Bb3 Bg7 7. a4 a5 8. Qe2 dxe5 9. dxe5 Nc6 10. O-O O-O 11.
Rd1 Qe8 12. h3 e6 13. Nc3 Nd7 14. Nb5 Qe7 15. Nxc7 Rb8 16. Bg5 Qc5 17. Be3 Qe7 18. Bf4 Nc5 19. Nb5 Nxb3 20. cxb3 Qb4 21. Qe3 Ne7 22. Rd4 Nd5 23. Qc1 Nxf4 24. Qxf4 Qxb3 25. Rad1 b6 26. Nd6 Bb7 27. Ng5 Bh6 28. Qh4 Bxg5 29. Qxg5 Qxb2 30. Rh4 Qe2 31. Rdd4 h5 32. Rdf4 Bd5 33.
Qf6 Qe1+ 34. Kh2 Rbd8 35. Nxf7 Rde8 36. Qxg6# 1-0

[Event "*** Titled Tuesday Blitz"]
[Site "Chess.com"]
[Date "2021.03.02"]
[Round "9"]
[White "platy3"]
[Black "Korchmar_Vasiliy"]
[Result "0-1"]
[WhiteElo "2807"]
[BlackElo "2664"]
[TimeControl "180+1"]
[EndTime "11:47:18 PST"]
[Termination "Korchmar_Vasiliy won by resignation"]

1. e4 c5 2. Nf3 d6 3. d4 cxd4 4. Nxd4 Nf6 5. Nc3 Nc6 6. Bg5 e6 7. Qd2 a6 8. O-O-O h6 9. Nxc6 bxc6 10. Bf4 d5 11. Qe3 Bb4 12. Be2 O-O 13. e5 Nd7 14. h4 f6 15. a3 Ba5 16. exf6 Qxf6 17. Bd6 Bxc3 18. bxc3 Qxf2 19. Qxe6+ Qf7 20. Bg4 Nf6 21.
Qxf7+ Rxf7 22. Bf3 Bg4 23. Rhe1 Bxf3 24. gxf3 Nh5 25. Re5 Nf4 26. Rde1 Ng2 27. Re8+ Rxe8 28. Rxe8+ Kh7 29. Ra8 Nxh4 30. Rxa6 Nxf3 31. a4 h5 32. a5 h4 33. Ra8 h3 34. a6 h2 35. Bxh2 Nxh2 36.
a7 Kg6 37. Rh8 Rxa7 38. Rxh2 Ra4 39. Kd2 Kf5 40. Rh8 g5 41. Rh6 Rc4 42. Rh8 Kf4 43. Rf8+ Kg3 44. Kd3 g4 45. Kd2 Kg2 46. Rg8 g3 47. Kd3 Kf2 48. Rf8+ Kg1 49. Rg8 g2 50.
Kd2 Rf4 51. Ke3 Rf6 52. Ra8 Re6+ 53. Kd4 Re4+ 54. Kd3 Kf2 55. Rf8+ Kg3 56. Rg8+ Rg4 0-1

[Event "*** Titled Tuesday Blitz"]
[Site "Chess.com"]
[Date "2021.03.02"]
[Round "9"]
[White "Galileo22"]
[Black "frazier69"]
[Result "0-1"]
[WhiteElo "2445"]
[BlackElo "2573"]
[TimeControl "180+1"]
[EndTime "11:47:18 PST"]
[Termination "frazier69 won by resignation"]

1. d4 Nf6 2. Bg5 d5 3. Nd2 c5 4. dxc5 Nc6 5. Ngf3 e6 6. a3 Bxc5 7. b4 Be7 8. e3 h6 9. Bh4 O-O 10.
c4 d4 11. exd4 Nxd4 12. Nb3 Nf5 13. Bg3 Nxg3 14. hxg3 Qc7 15. Be2 Rd8 16. Qb1 b6 17.
Nbd4 Bb7 18. Nb5 Qc8 19. Nc3 a5 20. Na4 Qc6 21. O-O Qxa4 22. b5 Be4 23. Qc1 Qc2 24. Qe1 Bd3 25. Bxd3 Qxd3 26. Qe5 Bc5 27. Qf4 Qe4 28. Qc1 Qg6 29. Kh2 Ng4+ 30. Kg1 Nxf2 31.
Qf4 Nh3+ 32. Kh2 Nxf4 33. gxf4 Qg4 34. g3 Rd3 35. Kg2 Rad8 36. Ra2 Rb3 0-1

[Event "*** Titled Tuesday Blitz"]
[Site "Chess.com"]
[Date "2021.03.02"]
[Round "9"]
[White "Das_Virus_2020"]
[Black "Fiona"]
[Result "0-1"]
[WhiteElo "2432"]
[BlackElo "2280"]
[TimeControl "180+1"]
[EndTime "11:47:18 PST"]
[Termination "Fiona won by checkmate"]

1. e4 e5 2. Nc3 Nc6 3. g3 Nf6 4. Bg2 Bc5 5. Nge2 d6 6. Na4 Bb6 7. d3 Be6 8. O-O Qd7 9. Nxb6 axb6 10. c4 Bh3 11. Nc3 h5 12. Bg5 Nd4 13. f3 c6 14.
Be3 h4 15. g4 Nxg4 16. Bxh3 Nxe3 17. Bxd7+ Kxd7 18. Qd2 Nxf1 19. Rxf1 Rh6 20. Qf2 h3 21. Kh1 Rf6 22. Qg3 Rh8 23. Qxg7 Rhh6 24. Qg4+ Ke7 25. f4 Rfg6 26. Qd1 Rg2 27. Rg1 Rhg6 28. Rxg2 Rxg2 29.
fxe5 dxe5 30. a3 f5 31. exf5 Kf6 32. Ne4+ Kxf5 33. Ng3+ Kf4 34. Nf1 Nf3 35. Ng3 Rxh2# 0-1

[Event "*** Titled Tuesday Blitz"]
[Site "Chess.com"]
[Date "2021.03.02"]
[Round "9"]
[White "tusplingher"]
[Black "The_Machine04"]
[Result "1/2-1/2"]
[WhiteElo "2266"]
[BlackElo "2406"]
[TimeControl "180+1"]
[EndTime "11:47:18 PST"]
[Termination "Game drawn by repetition"]

1. e4 d6 2. d4 Nf6 3. Nc3 e5 4. Nf3 Nbd7 5. Bc4 Be7 6. O-O c6 7. a4 h6 8. a5 Qc7 9. Re1 Nf8 10. b4 Ng6 11. b5 Bg4 12. bxc6 bxc6 13. d5 O-O 14. Bb3 Nh4 15. dxc6 Bxf3 16. gxf3 Qxc6 17. Nd5 Nxd5 18. Bxd5 Qc8 19. Re3 Bg5 20. Rb3 Qh3 21.
Qf1 Nxf3+ 22. Rxf3 Qxf3 23. Ra3 Qf6 24. Bxg5 hxg5 25.
Bxa8 Rxa8 26. a6 g6 27. Qb5 Kg7 28. Qb7 Rh8 29. Qxa7 Qf4 30. Rg3 Qxe4 31. Qb6 Qd4 32. Qxd4 exd4 33. Rxg5 Ra8 34. Ra5 Kf6 35. Kg2 Ke6 36. Kf3 f5 37. Ke2 Kd7 38. Kd3 Kc6 39.
Kxd4 Kb6 40. Rd5 Kc6 41. Ra5 Kb6 42. Rd5 Kc6 43. Ra5 1/2-1/2

[Event "*** Titled Tuesday Blitz"]
[Site "Chess.com"]
[Date "2021.03.02"]
[Round "9"]
[White "GMaka"]
[Black "DenishevM"]
[Result "1-0"]
[WhiteElo "2472"]
[BlackElo "2617"]
[TimeControl "180+1"]
[EndTime "11:47:19 PST"]
[Termination "GMaka won by resignation"]

1. Nf3 Nf6 2. c4 b6 3. g3 Bb7 4. Bg2 g6 5. b3 Bg7 6. Bb2 O-O 7.
O-O c5 8. d3 Nc6 9. e4 d6 10.
Nc3 e5 11. Nd5 Nxd5 12. cxd5 Nd4 13. Nxd4 cxd4 14. b4 f5 15. b5 fxe4 16. Bxe4 Bc8 17. Rc1 Bf5 18. Rc6 Qe7 19. a4 h5 20. Ba3 Rad8 21. f3 Bh6 22. Bc1 Bxc1 23. Qxc1 Bxe4 24. dxe4 Rf6 25. Kg2 h4 26. Qg5 hxg3 27. hxg3 Rdf8 28.
Rh1 Qg7 29. Rf1 Qf7 30. Qg4 Qg7 31. Qh3 Qf7 32. Rh1 Qg7 33. Rc7 R8f7 34. Qc8+ Rf8 35. Rxg7+ Kxg7 36. Qc7+ R8f7 37. Qd8 Rf8 38. Qd7+ R8f7 39.
Qg4 d3 40. Rd1 d2 41. Rxd2 Rf8 42. Rc2 R6f7 43. Rc6 1-0

[Event "*** Titled Tuesday Blitz"]
[Site "Chess.com"]
[Date "2021.03.02"]
[Round "9"]
[White "PrinceMurad09"]
[Black "bakki78"]
[Result "1/2-1/2"]
[WhiteElo "2567"]
[BlackElo "2788"]
[TimeControl "180+1"]
[EndTime "11:47:20 PST"]
[Termination "Game drawn by agreement"]

1. e4 c5 2. Nf3 Nc6 3. d4 cxd4 4. Nxd4 Nf6 5. Nc3 d6 6. Nb3 g6 7. Be2 Bg7 8. g4 a5 9. g5 Nd7 10. a4 b6 11. h4 Bb7 12. h5 Nc5 13. Nxc5 dxc5 14.
Nd5 Nd4 15. Bc4 e6 16. Nc3 Bc6 17. h6 Be5 18. f4 Bc7 19. Be3 O-O 20. Qd3 Nf3+ 21.
Kf2 Nd4 22. Rhd1 f6 23. Bxd4 cxd4 24. Bxe6+ Kh8 25. Qxd4 Qxd4+ 26. Rxd4 Bxf4 27. Bd5 Be5 28. Rd3 fxg5+ 29. Kg2 Rac8 30. Rf1 Rxf1 31. Kxf1 Rf8+ 32. Kg2 Bd7 33. b3 g4 34. Ne2 Bc8 35. Rd1 Ba6 36.
c4 Bc8 37. Re1 g5 38. Ng3 Rf3 39. Nf5 Bd7 40. Rf1 Rxf1 41. Kxf1 Bxf5 42. exf5 g3 43.
Kg2 g4 44. Be6 Bf4 45. f6 Bxh6 46. Bxg4 Bg5 47. Kxg3 Bxf6 48. Bf5 Be7 49. Kg4 Kg7 50. Be4 Bc5 1/2-1/2